 Dungeon Crawl Stone Soup version 0.32-a0-543-gefe97123c3 (webtiles) character file.

Game seed: 12205936421374791402

1 IndexError the Firebug (level 1, -4/16 HPs)
             Began as an Oni Fire Elementalist on Feb 29, 2024.
             Slain by a gnoll
             ... wielding a +0 whip
              (6 damage)
             ... on level 1 of the Dungeon.
             The game lasted 00:00:48 (46 turns).

IndexError the Firebug (Oni Fire Elementalist)        Turns: 46, Time: 00:00:48

Health: -4/16      AC:  3    Str: 11    XL:     1   Next: 20%
Magic:  0/4        EV:  9    Int: 16    God:
Gold:   10         SH:  0    Dex:  9    Spells: 4/5 levels left

rFire   . . .        (no weapon)
rCold   . . .        (no shield)
rNeg    . . .        a - +0 robe
rPois   .            (helmet restricted)
rElec   .            (no cloak)
rCorr   .            (gloves unavailable)
SInv    .            (boots unavailable)
Will    .....        (no amulet)
Stlth   +            (no ring)
HPRegen 0.22/turn    (no ring)
MPRegen 0.09/turn

%: no passive effects
@: no status effects
A: large, unfitting armour, horns 1, tough skin 1, double potion healing,
drunken brawling
a: no special abilities


You were on level 1 of the Dungeon.
You visited 1 branch of the dungeon, and saw 1 of its levels.

You collected 10 gold pieces.

Inventory:

Armour
 a - a +0 robe (worn)
Potions
 b - a potion of magic
 c - a potion of haste {unknown}


   Skills:
 - Level 1.7 Dodging
 - Level 1.4 Stealth
 + Level 2.5 Spellcasting
 - Level 0.8 Conjurations
 + Level 2.7 Fire Magic


You had 4 spell levels left.
You knew the following spells:

 Your Spells              Type           Power      Damage    Failure   Level
a - Foxfire               Conj/Fire      28%        2x1d5     10%         1

Your spell library contained the following spells:

 Spells                   Type           Power      Damage    Failure   Level
 Scorch                   Fire           20%        2d5       10%         2
 Inner Flame              Hex/Fire       6%         N/A       34%         3
 Volatile Blastmotes      Fire/Tloc      12%        2d11      34%         3
 Flame Wave               Conj/Fire      7%         2d5       67%         4


Dungeon Overview and Level Annotations

Branches:
Dungeon (1/15)

Altars:


Innate Abilities, Weirdness & Mutations

You are too large for most types of armour.
You have a pair of small horns on your head.
You have tough skin. (AC +1)
You gain doubled healing and magic from potions.
Whenever you drink a healing potion, you attack all around you.


Message History

Bad channel name 'Jiyva says' for runrest: 'Jiyva says: Divide and consume' Welcome, IndexError the Oni Fire Elementalist.
It is said that the Orb of Zot exists deep within this dungeon.
Press ? for a list of commands and other information.
Found a fizzy grey potion and 10 gold pieces.
Found a staircase leading out of the dungeon.
You conjure some foxfire!
You now have 2/3 mp.
There is not enough space to conjure foxfire!
Magic restored.
Found a stone staircase leading down.
MP restored: 3
c - a fizzy grey potion You now have 10 gold pieces.
You open the door.
A ball python comes into view.
A ball python is nearby!
You conjure some foxfire!
You now have 2/3 mp.
You conjure some foxfire!
You now have 1/3 mp.
Okay, then.
The ball python hisses angrily.
The foxfire hits the ball python. x2
A gnoll comes into view. It is wielding a +0 whip.
A gnoll is nearby!
A gnoll is nearby!
You conjure some foxfire!
The gnoll shouts!
You now have 0/4 mp.
You are out of magic!
The foxfire hits the gnoll but does no damage. x2
The gnoll attacks as it pursues you! The gnoll hits you with a +0 whip.
You take 6 damage, and have 10/16 hp.
MASSIVE DAMAGE!!
The gnoll attacks as it pursues you! The gnoll hits you with a +0 whip.
You take 5 damage, and have 6/16 hp.
MASSIVE DAMAGE!!
The gnoll attacks as it pursues you! The gnoll hits you with a +0 whip.
* * * LOW HITPOINT WARNING * * *
You take 5 damage, and have 1/16 hp.
MASSIVE DAMAGE!!
You are too injured to fight recklessly!
You are too injured to fight recklessly!
You are too injured to fight recklessly!
Casting: Foxfire (safe; 10% risk of failure)
Confirm with . or Enter, or press ? or * to list all spells.
You conjure some foxfire!
The gnoll hits you with a +0 whip.
You die...

...........#
..♣.♣..♣..#
#♣♣..≈..♣♣#~#
#P♣.~≈~.♣P#≈#
#<..~ß~..>#≈# #
#P♣.~~~.♣P#≈#
#≈#♣♣..~..♣♣#≈#
#..♣vv♣.♣..♣..#
#...@g........#
#.#.#♣♣♣♣♣#.#.#
# ## ###'# ...
.###. .# .. ..
#. .. ## .#


You could see a gnoll (ally target).

Vanquished Creatures
  A ball python (D:1)
1 creature vanquished.

Vanquished Creatures (others)
  7 foxfires (D:1)
7 creatures vanquished.

Grand Total: 8 creatures vanquished

Notes
Turn   | Place    | Note
-------+----------+-------------------------------------------
     0 | D:1      | IndexError the Oni Fire Elementalist began the quest for
                  | the Orb.
     0 | D:1      | Reached XP level 1. HP: 16/16 MP: 3/3
    43 | D:1      | HP: 1/16 [gnoll/+0 whip (5)]
    46 | D:1      | Slain by a gnoll

Illustrated notes

Levels and vault maps discovered:
D:1:      tarquinn_simple_flora_water_b, layout_rooms,
          chequers_serial_rivers_micro_e

Action                     || total
---------------------------++-------
   Cast: Foxfire           ||     5
 Armour: Robe              ||     4

Table legend: (Time is in decaauts)
 A = Elapsed time spent in this place.
 B = Non-inter-level travel time spent in this place.
 C = Inter-level travel time spent in this place.
 D = Time resting spent in this place.
 E = Time spent auto-exploring this place.
 F = Levels seen in this place.
 G = Mean time per level.
                   A        B        C        D        E       F      G
               +--------+--------+--------+--------+--------+-----+--------+
         Total |     46 |     46 |      0 |      0 |     22 |   1 |   46.0 |
       Dungeon |     46 |     46 |      0 |      0 |     22 |   1 |   46.0 |
               +--------+--------+--------+--------+--------+-----+--------+

Top non-repeatable levels by time:
     D:1: 46 daAuts

Levels and vault maps discovered:
D:1:      tarquinn_simple_flora_water_b, layout_rooms,
          chequers_serial_rivers_micro_e

Table legend: (Time is in decaauts)
 A = Elapsed time spent in this place.
 B = Non-inter-level travel time spent in this place.
 C = Inter-level travel time spent in this place.
 D = Time resting spent in this place.
 E = Time spent auto-exploring this place.
 F = Levels seen in this place.
 G = Mean time per level.
                   A        B        C        D        E       F      G
               +--------+--------+--------+--------+--------+-----+--------+
         Total |     46 |     46 |      0 |      0 |     22 |   1 |   46.0 |
       Dungeon |     46 |     46 |      0 |      0 |     22 |   1 |   46.0 |
               +--------+--------+--------+--------+--------+-----+--------+

Top non-repeatable levels by time:
     D:1: 46 daAuts

Table legend:
 A = Kills in this place as a percentage of kills in the entire game.
 B = Kills by you in this place as a percentage of kills by you in the entire game.
 C = Kills by friends in this place as a percentage of kills by friends in the entire game.
 D = Other kills in this place as a percentage of other kills in the entire game.
 E = Experience gained in this place as a percentage of experience gained in the entire game.
 F = Experience gained in this place divided by the number of levels of this place that you have seen.
                   A       B       C       D       E      F
               +-------+-------+-------+-------+-------+----------------------
         Total | 100.0 | 100.0 |   N/A |   N/A | 100.0 |   2.0
       Dungeon | 100.0 | 100.0 |   N/A |   N/A | 100.0 |   2.0
               +-------+-------+-------+-------+-------+----------------------
